 Dungeon Crawl Stone Soup version 0.30.1 (webtiles) character file.

Game seed: 1230165454938004963

15682 drcrypt the Cleaver (level 12, -7/100 (107) HPs)
             Began as a Minotaur Fighter on July 3, 2023.
             Was a High Priest of Okawaru.
             Mangled by an 11-headed hydra (11 damage)
             ... on level 2 of the Lair of Beasts.
             The game lasted 00:38:38 (10894 turns).

drcrypt the Cleaver (Minotaur Fighter)             Turns: 10894, Time: 00:38:40

HP:   -7/100 (107)  AC: 14    Str: 32    XL:     12   Next: 3%
MP:   15/15         EV: 18    Int:  5    God:    Okawaru [*****.]
Gold: 736           SH:  5    Dex: 10    Spells: 11/11 levels left

rFire   . . .        D - +5 scythe "Finisher" {speed, execute}
rCold   . . .        (shield currently unavailable)
rNeg    . . .        T - +3 ring mail
rPois   .            (helmet restricted)
rElec   .            r - +0 cloak
rCorr   .            w - +0 pair of gloves
SInv    .            M - +0 pair of boots
Will    .....        l - amulet of reflection Stlth
                     m - +6 ring of strength
HPRegen 0.36/turn    h - +5 ring of evasion
MPRegen 0.14/turn

%: reflection
@: about to teleport, drained
A: horns 2, retaliatory headbutt
a: Renounce Religion, Heroism, Finesse, Duel


You were on level 2 of the Lair of Beasts.
You worshipped Okawaru.
Okawaru was extremely pleased with you.
You visited 3 branches of the dungeon, and saw 13 of its levels.

You collected 736 gold pieces.

Inventory:

Hand Weapons
 D - the +5 scythe "Finisher" (weapon) {speed, execute}
   (You found it on level 10 of the Dungeon)
Missiles
 Z - 2 throwing nets (quivered)
Armour
 r - a +0 cloak (worn)
 w - a +0 pair of gloves (worn)
 M - a +0 pair of boots (worn)
 T - a +3 ring mail (worn)
Jewellery
 h - a +5 ring of evasion (right hand)
 l - an amulet of reflection (around neck)
 m - a +6 ring of strength (left hand)
 t - a +4 ring of protection
 A - a +6 ring of dexterity
 B - an amulet of regeneration
 K - a ring of fire
 L - the amulet of Guvose {Spirit rF+ Will++ Regen+ Str-4}
   (You took it off a centaur on level 8 of the Dungeon)

   [amulet of guardian spirit]

   It causes incoming damage to be divided between your reserves of health and
   magic.
   Str:       It affects your strength (-4).
   rF:        It protects you from fire.
   Regen:     It increases your rate of health regeneration.
   Will:      It greatly increases your willpower.
 V - a ring of ice
Wands
 x - a wand of flame (18)
 E - a wand of roots (4)
 O - a wand of mindburst (10)
 W - a wand of digging (5)
 X - a wand of acid (8)
Scrolls
 e - a scroll of enchant weapon {unknown}
 i - 5 scrolls of teleportation
 n - 6 scrolls of identify
 q - a scroll of acquirement {unknown}
 u - 2 scrolls of vulnerability {unknown}
 y - 2 scrolls of amnesia
 H - a scroll of silence {unknown}
 P - a scroll of blinking {unknown}
 R - 2 scrolls of magic mapping {unknown}
 S - a scroll of fog {unknown}
 Y - a scroll of poison {unknown}
Potions
 b - 2 potions of heal wounds
 d - 4 potions of might
 g - 10 potions of curing
 j - a potion of brilliance {unknown}
 s - a potion of magic {unknown}
 z - 2 potions of haste {unknown}
 C - 2 potions of flight
 G - 2 potions of mutation {unknown}
 I - a potion of resistance {unknown}
 Q - a potion of degeneration {unknown}
 U - a potion of invisibility {unknown}


   Skills:
 + Level 10.4 Fighting
 - Level 11.9(12.3) Axes
 + Level 4.8(9.1) Polearms
 + Level 10.5 Armour
 + Level 8.1 Dodging
 - Level 9.0 Shields
 + Level 6.4 Invocations


You had 11 spell levels left.
You didn't know any spells.
Your spell library contained the following spells:

 Spells                   Type           Power      Damage    Failure   Level
 Slow                     Hex            0%         N/A       56%         1
 Blink                    Tloc           0%         N/A       71%         2
 Lesser Beckoning         Tloc           0%         N/A       71%         2
 Momentum Strike          Conj/Tloc      0%         3d8       71%         2
 Confusing Touch          Hex            0%         N/A       90%         3
 Gell's Gravitas          Tloc           0%         N/A       90%         3
 Hailstorm                Conj/Ice       0%         3d3       90%         3
 Ignite Poison            Fire/Tmut/Pois 0%         N/A       90%         3
 Portal Projectile        Hex/Tloc       0%         N/A       90%         3
 Teleport Other           Tloc           0%         N/A       90%         3
 Vampiric Draining        Necr           0%         2d6       90%         3
 Vhi's Electric Charge    Tloc/Air       0%         N/A       90%         3
 Volatile Blastmotes      Fire/Tloc      0%         2d10      90%         3
 Fulminant Prism          Conj/Hex       0%         3d5       100%        4
 Ice Form                 Ice/Tmut       0%         N/A       100%        4
 Iskenderun's Mystic Bla  Conj/Tloc      0%         2d3       100%        4
 Sticky Flame             Conj/Fire      0%         2d3       100%        4
 Arcjolt                  Conj/Air       0%         1d10      100%        5
 Blade Hands              Tmut           0%         N/A       100%        5
 Lee's Rapid Deconstruct  Erth           0%         3d4*      100%        5
 Plasma Beam              Fire/Air       0%         2x1d11    100%        6
 Ignition                 Fire           0%         3d3       100%        8
 Tukima's Dance           Hex            Unusable   N/A       N/A         3
 Simulacrum               Ice/Necr       Unusable   N/A       N/A         6

Dungeon Overview and Level Annotations

Branches:
Dungeon (10/15)            Temple (1/1) D:6            Lair (2/5) D:10
  Swamp: Lair:2-3    Shoals: Lair:2-3     Snake: Lair:2-3    Spider: Lair:2-3
    Orc: D:9-12

Altars:
Ashenzari
Cheibriados
Dithmenos
Elyvilon
Fedhas
Gozag
Hepliaklqana
Kikubaaqudgha
Makhleb
Nemelex Xobeh
Okawaru
Qazlal
Ru
Sif Muna
Trog
Uskayaw
Vehumet
Wu Jian
Xom
Yredelemnul
Zin
The Shining One

Shops:
D:3 (   D:5 *   D:6 (


Innate Abilities, Weirdness & Mutations

You have a pair of horns on your head.
You reflexively headbutt those who attack you in melee.


Message History

The ten-headed hydra closely misses you.
The ten-headed hydra bites you but does no damage.
You lop one of the ten-headed hydra's heads off!
The nine-headed hydra grows two more!
You slice the 11-headed hydra!! You headbutt the 11-headed hydra!
The 11-headed hydra is almost dead.
The 11-headed hydra bites you!
The 11-headed hydra completely misses you.
You block the 11-headed hydra's attack. The 11-headed hydra bites you.
* * * LOW HITPOINT WARNING * * *
The 11-headed hydra bites you but does no damage.
The 11-headed hydra misses you.
The 11-headed hydra bites you but does no damage.
The 11-headed hydra bites you.
* * * LOW HITPOINT WARNING * * *
The 11-headed hydra bites you but does no damage.
The 11-headed hydra barely misses you.
The 11-headed hydra bites you but does no damage.
You feel much better. The 11-headed hydra bites you.
You block the 11-headed hydra's attack. The 11-headed hydra bites you!
The 11-headed hydra barely misses you.
The 11-headed hydra completely misses you.
The 11-headed hydra bites you. The 11-headed hydra bites you!
* * * LOW HITPOINT WARNING * * *
The 11-headed hydra bites you!
* * * LOW HITPOINT WARNING * * *
The 11-headed hydra bites you.
* * * LOW HITPOINT WARNING * * *
You block the 11-headed hydra's attack. The 11-headed hydra barely misses you.
Okay, then.
Okay, then.
Okay, then.
As you read the scroll of teleportation, it crumbles to dust.
You feel strangely unstable. The 11-headed hydra bites you!
* * * LOW HITPOINT WARNING * * *
You block the 11-headed hydra's attack. The 11-headed hydra misses you.
The 11-headed hydra closely misses you. x2
The 11-headed hydra bites you but does no damage.
The 11-headed hydra bites you!
You die...

..........
..........
.........#
.........##
..........
.........##
##....D†..####
.......@.....#
.............#.
.##........$...
.............#.
.#####.......#
..........
#....#.....
##.........
....P.....


You could see a 11-headed hydra.

Vanquished Creatures
  Harold (D:10)
  A boulder beetle (D:9)
  2 two-headed ogres (D:9)
  A skeletal warrior (D:10)
  Pikel (D:7)
  An ugly thing (D:10)
  A black mamba (Lair:2)
  The ghost of salammoniac the Digger, a novice DsEE (D:5)
  A rime drake (Lair:2)
  Psyche (D:10)
  A komodo dragon (Lair:1)
  12 blink frogs (Lair:1)
  Sigmund (D:6)
  3 wraiths
  A wyvern (D:9)
  22 yaks
  An acid dragon (D:10)
  7 water moccasins
  2 ice beasts (D:8)
  A black bear (D:5)
  4 orc warriors
  An ogre (D:5)
  5 centaurs
  A kobold brigand (D:9)
  4 bullfrogs
  A gnoll sergeant (D:8)
  2 scorpions (D:6)
  5 wights (D:7)
  9 killer bees
  An electric eel (D:9)
  5 howler monkeys
  A crimson imp (D:8)
  4 quasits (D:5)
  4 hounds
  2 jellies
  A gnoll bouda (D:8)
  An orc priest (D:7)
  2 sleepcaps
  2 iguanas
  7 orc wizards
  6 hell rats
  3 gnolls (D:8)
  6 adders
  6 shadow imps
  2 white imps (D:5)
  An ufetubus (D:5)
  3 worms
  32 orcs
  3 bats
  4 endoplasms
  4 giant cockroaches
  3 goblins
  3 hobgoblins
  11 jackals
  10 kobolds
  4 quokkas
  9 ball pythons
  4 frilled lizards
  4 rats
242 creatures vanquished.

Notes
Turn   | Place    | Note
-------+----------+-------------------------------------------
     0 | D:1      | drcrypt the Minotaur Fighter began the quest for the Orb.
     0 | D:1      | Reached XP level 1. HP: 19/19 MP: 0/0
   237 | D:1      | Reached XP level 2. HP: 27/27 MP: 1/1
   721 | D:2      | Reached skill level 3 in Axes
   764 | D:2      | Reached XP level 3. HP: 33/33 MP: 2/2
  1603 | D:3      | Found Coisynopn's Antique Weapon Shop.
  1876 | D:4      | Found a stormy altar of Qazlal.
  1944 | D:4      | Noticed a centaur
  1962 | D:4      | Killed a centaur
  1963 | D:4      | Reached skill level 4 in Axes
  1963 | D:4      | Reached XP level 4. HP: 35/41 MP: 3/3
  1963 | D:4      | Reached XP level 5. HP: 40/47 MP: 4/4
  2156 | D:4      | Reached skill level 1 in Dodging
  2467 | D:5      | Entered Level 5 of the Dungeon
  2589 | D:5      | Found an ornate altar of the Wu Jian Council.
  2644 | D:5      | Noticed an ogre
  2645 | D:5      | Found a transporter.
  2652 | D:5      | Killed an ogre
  2653 | D:5      | Reached skill level 5 in Axes
  2653 | D:5      | Reached skill level 5 in Shields
  2653 | D:5      | Reached XP level 6. HP: 53/53 MP: 5/5
  2755 | D:5      | Found a hazy altar of Hepliaklqana.
  2758 | D:5      | Found Luoly's Assorted Antiques.
  2895 | D:5      | Reached skill level 6 in Axes
  2895 | D:5      | Reached XP level 7. HP: 47/60 MP: 6/6
  2915 | D:5      | Noticed salammoniac's ghost (novice DsEE)
  2956 | D:5      | Found a transporter.
  2996 | D:5      | Reached skill level 5 in Armour
  3105 | D:5      | Reached skill level 5 in Fighting
  3114 | D:5      | Killed salammoniac's ghost
  3115 | D:5      | Reached skill level 7 in Axes
  3272 | D:6      | Reached XP level 8. HP: 69/69 MP: 7/7
  3278 | D:6      | Found a staircase to the Ecumenical Temple.
  3292 | Temple   | Entered the Ecumenical Temple
  3676 | Temple   | Became a worshipper of Ru the Awakened
  3718 | D:6      | Found a hide-covered altar of Uskayaw.
  3874 | D:6      | Noticed Sigmund
  3898 | D:6      | Killed Sigmund
  3908 | D:6      | Reached skill level 8 in Axes
  4075 | D:6      | Identified the +8 quarterstaff of Offence {venom, rElec rN+
                  | Str-3 Dex+3}
  4187 | D:6      | Found Wybig's Antique Weapon Emporium.
  4284 | D:6      | Found an iron altar of Okawaru.
  4284 | D:6      | Found a blossoming altar of Fedhas.
  4289 | D:6      | Fell from the grace of Ru
  4289 | D:6      | Became a worshipper of Warmaster Okawaru
  4568 | D:7      | Noticed Pikel
  4583 | D:7      | Killed Pikel
  4583 | D:7      | Reached * piety under Okawaru
  4584 | D:7      | Reached skill level 9 in Axes
  4584 | D:7      | Reached XP level 9. HP: 78/78 MP: 8/8
  5163 | D:7      | Reached ** piety under Okawaru
  5164 | D:7      | Reached skill level 10 in Axes
  5808 | D:8      | Found a burning altar of Makhleb.
  5808 | D:8      | Found a radiant altar of Vehumet.
  5869 | D:8      | Identified the amulet of Guvose {Spirit rF+ Will++ Regen+
                  | Str-4}
  5990 | D:8      | Reached skill level 1 in Invocations
  6844 | D:9      | Reached *** piety under Okawaru
  6847 | D:9      | Reached XP level 10. HP: 83/86 MP: 10/10
  6875 | D:9      | Noticed a two-headed ogre
  7020 | D:9      | Killed a two-headed ogre
  7021 | D:9      | Reached skill level 5 in Dodging
  7264 | D:9      | Found a flagged portal.
  7286 | D:9      | Noticed a boulder beetle
  7448 | D:9      | Reached skill level 11 in Axes
  7768 | D:9      | Noticed a two-headed ogre
  7776 | D:9      | Killed a two-headed ogre
  7776 | D:9      | Reached **** piety under Okawaru
  8076 | D:9      | Killed a boulder beetle
  8104 | D:10     | Entered Level 10 of the Dungeon
  8334 | D:10     | Noticed Harold
  8351 | D:10     | Killed Harold
  8378 | D:10     | Noticed a white ugly thing
  8409 | D:10     | Killed a white ugly thing
  8657 | D:10     | Found a glowing silver altar of Zin.
  8873 | D:10     | Reached XP level 11. HP: 82/95 MP: 13/13
  8936 | D:10     | Found a staircase to the Lair.
  8955 | D:10     | Reached ***** piety under Okawaru
  8961 | D:10     | Noticed a skeletal warrior
  8977 | D:10     | Killed a skeletal warrior
  9034 | D:10     | Found the +5 scythe "Finisher" {speed, execute}
  9128 | D:10     | Noticed Psyche
  9135 | D:10     | Killed Psyche
  9141 | D:10     | Reached skill level 1 in Polearms
  9146 | D:10     | Reached skill level 5 in Invocations
  9452 | Lair:1   | Entered Level 1 of the Lair of Beasts
  9586 | Lair:1   | Received a gift from Okawaru
  9686 | Lair:1   | Reached skill level 10 in Armour
  9753 | Lair:1   | Reached skill level 10 in Fighting
 10763 | Lair:2   | Reached XP level 12. HP: 72/98 MP: 15/15
 10873 | Lair:2   | Noticed a seven-headed hydra
 10894 | Lair:2   | HP: 4/100 [11-headed hydra (11)]
 10894 | Lair:2   | Mangled by an 11-headed hydra

Illustrated notes

Levels and vault maps discovered:
D:1:      minmay_arrival_stone_box, layout_rooms, serial_corexii_hall,
          chequers_hall_statues_wall_a, corexii_hall_statues_i,
          grunt_decor_arrowhead
D:2:      layout_loops_cross
D:3:      layout_basic, serial_shops, shop, chequers_serial_rivers_small_3
D:4:      layout_rooms, grunt_qazlal_sundering
D:5:      layout_rooms, pdpol_wu_jian_five_deadly_venoms,
          mainiacjoe_overflow_alcove_1, gammafunk_ghost_stat_death,
          serial_shops, shop, serial_demonic, serial_demonic_c,
          serial_demonic_c, serial_demonic_d, serial_demonic_e
D:6:      kennysheep_big_flooded_room, layout_rooms, nicolae_uskayaw_suspiria,
          nicolae_overflow_two_pavilions, minmay_temple_entry_glass,
          hangedman_abyss_or_decor_stagger, kennysheep_diamond, uniq_sigmund
D:7:      layout_loops_corners, hangedman_abyss_or_decor_passed, uniq_pikel
D:8:      layout_loops_corners, grunt_temple_overflow_lords_of_destruction,
          serial_glass, glass_columns_b, glass_columns_b, glass_columns_a,
          minmay_puff
D:9:      layout_roguey, enter_bailey_8, kennysheep_generic_room_16
D:10:     layout_stronghold, zin_treasury, lair_entry_dummy,
          minmay_guarded_unrand_finisher, uniq_harold, uniq_psyche
Temple:   compressed_dpeg_triangle_lava_temple
Lair:1:   layout_chaotic_city, hibernation_bobbens, grunt_megastairs_2,
          serial_bayou_shore_b
Lair:2:   layout_chaotic_city, minmay_swamp_entry_worms,
          infiniplex_staircase_pool, lemuel_fruit_fields, grunt_megastairs_4,
          serial_bayou_shore_a, lemuel_fruit_fields

Skill      XL: |  1  2  3  4  5  6  7  8  9 10 11 |
---------------+----------------------------------+-----
Shields        | 4 5 6 7 8 9 |  9.0
Fighting       | 4 5 6 7 8 10 | 10.4
Axes           | 3 4 5 6 7 9 10 11 | 11.9
Armour         | 4 5 6 7 9 10 | 10.5
Dodging        | 1 2 3 4 6 8 |  8.1
Invocations    | 2 4 6 |  6.4
Polearms       | 4 |  4.8

Action                     |  1- 3 |  4- 6 |  7- 9 | 10-12 || total
---------------------------+-------+-------+-------+-------++-------
  Melee: War axe           |    75 |    86 |   261 |   162 ||   584
         Headbutt          |    10 |    11 |    45 |    44 ||   110
         Scythe            |       |       |       |   140 ||   140
    Use: Scroll            |       |       |     1 |     9 ||    10
         Potion            |       |       |       |     1 ||     1
 Armour: Scale mail        |    18 |    17 |    65 |       ||   100
         Ring mail         |       |       |     3 |    57 ||    60
         Skin              |       |       |       |    13 ||    13
  Dodge: Dodged            |    38 |    44 |   178 |   213 ||   473
  Block: Buckler           |    34 |    58 |   152 |    80 ||   324
         Reflection        |     3 |     1 |     5 |     5 ||    14
         Other             |       |       |       |    39 ||    39
